cohdb
Replays
Latest Replays
All Replays
Popular Replays
Top Player Replays
Match Explorer
How It Works
Community
CoH3 Stats
Reddit
Sign in to upload your games and track your stats! →
Sign in with Steam
Match 40746574
Unlisted
Match 40746574
Overview
Messages
Build Orders
End
Kradschützen Motorcycle Team
Panzergrenadier Squad
Panzergrenadier Squad
Construct Light Support Kompanie
MG34 Team
Selects Panzerjäger Kommand Battlegroup
Selects Mine Fields
Selects Tank Busters
Construct Mechanized Kompanie
Assault Mechanized Group
Panzerjäger Squad
8 Rad Armored Car
Selects Crew Shock Tactics
Panzerjäger Squad
2.5-tonne Medical Truck
REGULATOR
Leorique
0
0
Comments
sign in to comment!
No comments posted yet!